 Dungeon Sprint DCSS version 0.29-a0-512-gf59ac788ac (webtiles) character file.

Game seed: 16460940223385107851

56765 mhtbhm the Axe Maniac (level 14, -3/166 HPs)
             Began as a Minotaur Berserker on May 29, 2022.
             Was a High Priest of Trog.
             Killed from afar by an ironbound frostheart (10 damage)
             ... by creeping frost
             ... in the Dungeon (Sprint IX: "|||||||||||||||||||||||||||||").
             The game lasted 00:09:22 (5677 turns).

mhtbhm the Axe Maniac (Minotaur Berserker)          Turns: 5677, Time: 00:09:22

Health: -3/166     AC: 22    Str: 29    XL:     14   Next: 43%
Magic:  13/13      EV: 12    Int:  4    God:    Trog [*****.]
Gold:   1170       SH: 12    Dex: 11    Spells: 13/13 levels left

rFire   + . .      SeeInvis +   a - +1 broad axe (vorpal)
rCold   + . .      Faith    .   c - +0 kite shield {reflect}
rNeg    . . .      Spirit   .   b - +0 plate armour of the Iron City of Dis {rElec rPois rCorr}
rPois   +          Reflect  +   x - +1 hat
rElec   +          Harm     .   H - scarf {rC+ rF+}
rCorr   +          Rampage  .   u - +0 pair of gloves
Will    +....      NoTele   +   G - +1 pair of boots
Stlth   ..........              (no amulet)
HPRegen 0.37/turn               B - ring of see invisible
MPRegen 0.13/turn               n - +3 ring of strength

@: marked, corroded, on berserk cooldown, slowed, very slow
A: horns 2, retaliatory headbutt
a: Renounce Religion, Berserk, Trog's Hand, Brothers in Arms


You were in the Dungeon.
You worshipped Trog.
Trog was extremely pleased with you.
You visited 1 branch You collected 1934 gold pieces.
You spent 764 gold pieces at shops.

Inventory:

Hand Weapons
 a - a +1 vorpal broad axe (weapon)
 y - a +5 battleaxe of flaming
 A - the +10 battleaxe of Fee Simple {vorpal, Str+2 Int-4 Stlth+}
   (Trog gifted it to you in the Dungeon)

   It inflicts extra damage upon your enemies.
   Str:       It affects your strength (+2).
   Int:       It affects your intelligence (-4).
   Stlth:     It makes you more stealthy.
 J - a +8 antimagic executioner's axe
Missiles
 o - 11 poisoned darts (quivered)
 z - 5 boomerangs
Armour
 b - the +0 plate armour of the Iron City of Dis (worn) {rElec rPois rCorr}
   (You found it in the Dungeon)

   rElec:     It insulates you from electricity.
   rPois:     It protects you from poison.
   rCorr:     It protects you from acid and corrosion.
 c - a +0 kite shield of reflection (worn)
 u - a +0 pair of gloves (worn)
 x - a +1 hat (worn)
 G - a +1 pair of boots (worn)
 H - a scarf of resistance (worn)
Jewellery
 m - a ring of poison resistance
 n - a +3 ring of strength (right hand)
 B - a ring of see invisible (left hand)
 D - a ring of protection from fire
 E - a ring of protection from cold
 F - a ring of willpower
Wands
 k - a wand of acid (3)
 K - a wand of charming (7)
Scrolls
 q - 6 scrolls of enchant weapon
 r - 2 scrolls of enchant armour
 s - 3 scrolls of fog
 t - 9 scrolls of identify
 C - a scroll of immolation
Potions
 d - 2 potions of heal wounds
 e - 2 potions of haste
 f - 4 potions of magic
 g - a potion of berserk rage
 i - 9 potions of curing
 j - a potion of invisibility
 l - 3 potions of might
 p - 2 potions of resistance
 v - 2 potions of degeneration {unknown}
 w - a potion of cancellation {unknown}


   Skills:
 + Level 26.9 Fighting
 O Level 27 Axes
 + Level 22.6 Armour
 + Level 11.3 Dodging
 + Level 2.8 Stealth
 + Level 14.3 Shields
 + Level 3.8 Evocations


You had 13 spell levels left.
You didn't know any spells.
Your spell library was empty.

Dungeon Overview and Level Annotations

Branches:
Dungeon (1/1)

Altars:
Cheibriados
Dithmenos
Elyvilon
Fedhas
Gozag
Hepliaklqana
Kikubaaqudgha
Makhleb
Nemelex Xobeh
Okawaru
Qazlal
Ru
Sif Muna
Trog
Uskayaw
Vehumet
Wu Jian
Xom
Yredelemnul
Zin
The Shining One
Beogh
Jiyva
Lugonu

Shops:
D *[[?


Innate Abilities, Weirdness & Mutations

You have a pair of horns on your head.
You reflexively headbutt those who attack you in melee.


Message History

You block the centaur warrior's attack. x2
The ironbound thunderhulk barely misses you.
Unknown command.
You dice the ironbound thunderhulk like an onion!!!
The ironbound thunderhulk is moderately wounded.
You hit the centaur warrior but do no damage.
You block the centaur warrior's attack. x2
The entropy weaver casts a spell at you.
You block the centaur warrior's attack.
The centaur warrior kicks you but does no damage.
You closely miss the ironbound thunderhulk.
You headbutt the ironbound thunderhulk!
The ironbound thunderhulk is heavily wounded.
You hit the centaur warrior but do no damage.
The centaur warrior closely misses you.
The centaur warrior kicks you but does no damage.
Strange energies crackle from the ironbound thunderhulk's apparatus.
The ironbound thunderhulk blinks!
The ironbound preserver casts a spell.
The ironbound preserver begins to accept its allies' injuries.
The entropy weaver gestures at you while chanting.
The entropic weave corrodes you! The centaur warrior hits you.
You block the centaur warrior's attack.
Strange energies crackle from the ironbound thunderhulk's apparatus.
The ironbound thunderhulk blinks!
The centaur warrior wields a +0 longbow.
The centaur warrior shoots an arrow.
The arrow hits you.
* * * LOW HITPOINT WARNING * * *
The centaur warrior shoots an arrow.
The arrow hits you!
* * * LOW HITPOINT WARNING * * *
Things that are here:
a +0 dire flail; a +0 scale mail; a human corpse You hit the ironbound thunderhulk.
Your headbutt misses the ironbound thunderhulk.
The ironbound thunderhulk is severely wounded.
The ironbound thunderhulk hits you with a +0 dire flail!!
* * * LOW HITPOINT WARNING * * *
The ironbound frostheart calls freezing cold from the walls.
The frost grips you! You partially resist.
You die...

▓.▓.▓.▓.▓[▓.▓)▓.▓)
▓.▓.▓.▓.▓.▓.▓)▓.▓†
▓.▓.▓)▓.▓.▓.▓)▓.▓.
▓.▓.▓)▓.▓.▓.▓)▓.▓.
▓O▓.♣'♣.▓.▓.▓.▓.▓.
▓'▓.♣)♣.▓.▓.▓.▓.▓.
▓)▓.♣.♣.▓.▓.▓.▓.▓.
▓O▓.♣)♣.▓.▓.▓.▓.▓.
▓@▓.♣.♣.▓.▓.▓)▓.▓.
▓c▓.♣.♣.▓.▓.▓)▓.▓.
▓p▓.♣.♣.▓.▓.▓)▓.▓)
▓.▓.♣.♣.▓'▓)▓)▓.▓†
▓p▓.♣.♣.▓)▓.▓)▓.▓†
▓o▓.♣.♣.▓)▓.▓)▓.▓.
▓p▓.▓)▓.▓)▓.▓)▓.▓.
▓B▓.▓)▓.▓[▓.▓∩▓.▓.
▓9▓.▓)▓.▓.▓.▓.▓.▓.


You could see an orc warlord (strong, sheltered), an ironbound preserver, 2
ironbound thunderhulks, an entropy weaver (sheltered), an ironbound frostheart
(strong, sheltered), a centaur warrior (sheltered) and an ironbound convoker
(sheltered).

Vanquished Creatures
  A sphinx (D)
  Gastronok (D)
  A ghost moth (D)
  An ironbound preserver (D)
  3 stone giants (D)
  2 very ugly things (D)
  An eleionoma (D)
  2 vampire knights (D)
  A bunyip (D)
  An entropy weaver (D)
  An ettin (D)
  A yaktaur captain (D)
  2 fire dragons (D)
  A merfolk impaler (D)
  A great orb of eyes (D)
  6 hydras (D)
  An ice dragon (D)
  2 rakshasas (D)
  A catoblepas (D)
  Erica (D)
  5 ogre magi (D)
  2 boulder beetles (D)
  A merfolk avatar (D)
  An alligator (D)
  A centaur warrior (D)
  6 two-headed ogres (D)
  A spriggan berserker (D)
  3 deep troll shamans (D)
  A deep troll earth mage (D)
  A shock serpent (D)
  Nergalle (D)
  A pharaoh ant (D)
  A sea snake (D)
  An orb spider (D)
  A glowing orange brain (D)
  2 spriggan druids (D)
  A flayed ghost (D)
  2 bog bodies (D)
  An ironbound convoker (D)
  A harpy (D)
  An orc sorcerer (D)
  A wolf spider (D)
  A salamander (D)
  A will-o-the-wisp (D)
  A moth of wrath (D)
  An ugly thing (D)
  A water nymph (D)
  A guardian serpent (D)
  6 black mambas (D)
  A merfolk siren (D)
  A vault sentinel (D)
  A cane toad (D)
  2 torpor snails (D)
  A guardian serpent (shapeshifter) (D)
  An unseen horror (D)
  A rime drake (D)
  A komodo dragon (D)
  A yaktaur (D)
  5 polar bears (D)
  A merfolk (D)
  A troll (D)
  2 slime creatures (D)
  A blink frog (D)
  A raiju (D)
  A wyvern (D)
  2 yaks (D)
  A water elemental (D)
  3 basilisks (D)
  A redback (D)
  Eustachio (D)
  2 nagas (D)
  An acid dragon (D)
  2 water moccasins (D)
  12 orc warriors (D)
  3 black bears (D)
  A wolf (D)
  2 ogres (D)
  2 centaurs (D)
  A kobold brigand (D)
  A bullfrog (D)
  A gnoll sergeant (D)
  A scorpion (D)
  3 howler monkeys (D)
  4 orc priests (D)
  A hound (D)
  An iguana (D)
  2 orc wizards (D)
  6 orcs (D)
  2 bats (D)
  A giant cockroach (D)
  A goblin (D)
  2 quokkas (D)
  A bat simulacrum (D)
162 creatures vanquished.

Vanquished Creatures (collateral kills)
  Donald (D)
  A fire giant (D)
  A rakshasa (D)
3 creatures vanquished.

Vanquished Creatures (others)
  A tengu conjurer (D)
1 creature vanquished.

Grand Total: 166 creatures vanquished

Notes
Turn   | Place    | Note
-------+----------+-------------------------------------------
     0 | D        | mhtbhm the Minotaur Berserker began the quest for the Orb.
     0 | D        | Reached XP level 1. HP: 19/19 MP: 0/0
     6 | D        | Reached skill level 4 in Axes
     8 | D        | Reached ** piety under Trog
    35 | D        | Noticed an iguana
    35 | D        | Noticed a scorpion
    35 | D        | Noticed a hound
    35 | D        | Noticed a gnoll sergeant
    41 | D        | Killed an iguana
    42 | D        | Reached skill level 5 in Fighting
    42 | D        | Reached skill level 6 in Axes
    42 | D        | Reached XP level 2. HP: 8/30 MP: 1/1
    42 | D        | Reached XP level 3. HP: 9/37 MP: 2/2
    43 | D        | Killed a scorpion
    43 | D        | Reached *** piety under Trog
    44 | D        | Reached skill level 7 in Axes
    44 | D        | Reached XP level 4. HP: 12/47 MP: 3/3
    46 | D        | Reached skill level 8 in Axes
    54 | D        | Killed a gnoll sergeant
    55 | D        | Reached skill level 9 in Axes
    55 | D        | Reached XP level 5. HP: 10/56 MP: 4/4
   411 | D        | Found a snail-covered altar of Cheibriados.
   411 | D        | Found a shadowy altar of Dithmenos.
   411 | D        | Found a white marble altar of Elyvilon.
   411 | D        | Found a blossoming altar of Fedhas.
   411 | D        | Found an opulent altar of Gozag.
   412 | D        | Found a hazy altar of Hepliaklqana.
   413 | D        | Found a viscous altar of Jiyva.
   414 | D        | Found an ancient bone altar of Kikubaaqudgha.
   415 | D        | Found a corrupted altar of Lugonu.
   416 | D        | Found a burning altar of Makhleb.
   417 | D        | Found a sparkling altar of Nemelex Xobeh.
   418 | D        | Found an iron altar of Okawaru.
   419 | D        | Found a stormy altar of Qazlal.
   420 | D        | Found a sacrificial altar of Ru.
   421 | D        | Found a shimmering blue altar of Sif Muna.
   422 | D        | Found a bloodstained altar of Trog.
   423 | D        | Found a hide-covered altar of Uskayaw.
   424 | D        | Found a radiant altar of Vehumet.
   425 | D        | Found an ornate altar of the Wu Jian Council.
   426 | D        | Found a shimmering altar of Xom.
   427 | D        | Found a basalt altar of Yredelemnul.
   428 | D        | Found a glowing silver altar of Zin.
   429 | D        | Found a glowing golden altar of the Shining One.
   488 | D        | Noticed a centaur
   488 | D        | Noticed an acid dragon
   492 | D        | Reached **** piety under Trog
   493 | D        | Reached skill level 10 in Axes
   493 | D        | Reached skill level 5 in Armour
   494 | D        | Reached skill level 11 in Axes
   494 | D        | Reached XP level 6. HP: 64/64 MP: 5/5
   496 | D        | Reached skill level 10 in Fighting
   496 | D        | Reached skill level 12 in Axes
   496 | D        | Reached skill level 5 in Dodging
   497 | D        | Killed an acid dragon
   500 | D        | Reached ***** piety under Trog
   501 | D        | Reached skill level 13 in Axes
   501 | D        | Reached XP level 7. HP: 74/74 MP: 6/6
   564 | D        | Noticed a basilisk
   564 | D        | Noticed a slime creature
   564 | D        | Noticed a troll
   564 | D        | Noticed a catoblepas
   568 | D        | Killed a basilisk
   571 | D        | Killed a slime creature
   572 | D        | Reached skill level 14 in Axes
   578 | D        | Killed a catoblepas
   579 | D        | Reached skill level 16 in Axes
   579 | D        | Reached XP level 8. HP: 52/86 MP: 7/7
   582 | D        | Killed a troll
   594 | D        | Killed an unseen horror
   595 | D        | Reached skill level 17 in Axes
   595 | D        | Reached XP level 9. HP: 50/94 MP: 8/8
   875 | D        | Noticed an eight-headed hydra
   875 | D        | Noticed a black mamba
   875 | D        | Noticed a six-headed hydra
   875 | D        | Noticed a rime drake
   880 | D        | Killed a 12-headed hydra
   880 | D        | Received a gift from Trog
   881 | D        | Reached skill level 18 in Axes
   886 | D        | Killed a 12-headed hydra
   887 | D        | Reached skill level 15 in Fighting
   887 | D        | Reached skill level 10 in Armour
   891 | D        | Killed a black mamba
   891 | D        | Noticed a komodo dragon
   895 | D        | Reached skill level 19 in Axes
  1225 | D        | Killed a rime drake
  1226 | D        | Reached XP level 10. HP: 103/106 MP: 9/9
  1239 | D        | Reached ****** piety under Trog
  1269 | D        | Noticed a five-headed hydra
  1269 | D        | Noticed a five-headed hydra
  1272 | D        | Noticed a cane toad
  1282 | D        | Killed a ten-headed hydra
  1283 | D        | Reached skill level 1 in Shields
  1284 | D        | Killed a seven-headed hydra
  1285 | D        | Reached skill level 20 in Axes
  1515 | D        | Noticed a black mamba
  1531 | D        | Received a gift from Trog
  1537 | D        | Killed a cane toad
  1541 | D        | Killed a black mamba
  1720 | D        | Received a gift from Trog
  1725 | D        | Reached XP level 11. HP: 60/117 MP: 10/10
  1794 | D        | Noticed Gastronok
  1795 | D        | Noticed Eustachio
  1806 | D        | Killed Gastronok
  1806 | D        | Received a gift from Trog
  1807 | D        | Reached skill level 21 in Axes
  1809 | D        | Killed Eustachio
  2033 | D        | Received a gift from Trog
  2036 | D        | Reached skill level 15 in Armour
  2044 | D        | Received a gift from Trog
  2152 | D        | Noticed an orc sorcerer
  2170 | D        | Killed an orc sorcerer
  2175 | D        | Received a gift from Trog
  2262 | D        | Found Loobituko's General Store.
  2262 | D        | Noticed a two-headed ogre
  2262 | D        | Noticed an ogre mage
  2262 | D        | Noticed an ogre mage
  2262 | D        | Noticed a two-headed ogre
  2262 | D        | Noticed a two-headed ogre
  2266 | D        | Killed a two-headed ogre
  2268 | D        | Killed an ogre mage
  2268 | D        | Received a gift from Trog
  2269 | D        | Noticed an ogre mage
  2277 | D        | Killed an ogre mage
  2278 | D        | Reached skill level 22 in Axes
  2278 | D        | Found Kutairpha's Armour Shoppe.
  2281 | D        | Killed a two-headed ogre
  2283 | D        | Killed a two-headed ogre
  2284 | D        | Reached skill level 5 in Shields
  2287 | D        | Noticed an ogre mage
  2292 | D        | Killed an ogre mage
  2293 | D        | Found Qofenecs's Armour Emporium.
  2294 | D        | Identified the +10 battleaxe of Fee Simple {vorpal, Str+2
                  | Int-4 Stlth+} (Trog gifted it to you in the Dungeon)
  2294 | D        | Received a gift from Trog
  2295 | D        | Noticed a two-headed ogre
  2298 | D        | Killed an ogre mage
  2299 | D        | Reached XP level 12. HP: 134/134 MP: 11/11
  2299 | D        | Found Goifayd's Magic Scroll Shoppe.
  2301 | D        | Noticed an ogre mage
  2303 | D        | Noticed a two-headed ogre
  2303 | D        | Killed a two-headed ogre
  2304 | D        | Reached skill level 10 in Dodging
  2305 | D        | Noticed a two-headed ogre
  2308 | D        | Killed an ogre mage
  2311 | D        | Killed a two-headed ogre
  2312 | D        | Reached skill level 23 in Axes
  2315 | D        | Killed a two-headed ogre
  2315 | D        | Received a gift from Trog
  2582 | D        | Bought a scroll of blinking for 105 gold pieces
  2588 | D        | Bought a ring of see invisible for 180 gold pieces
  2588 | D        | Bought a scroll of fog for 24 gold pieces
  2588 | D        | Bought a scroll of identify for 24 gold pieces
  2598 | D        | Bought a +0 plate armour of poison resistance for 270 gold
                  | pieces
  2605 | D        | Bought a scroll of identify for 28 gold pieces
  2605 | D        | Bought a scroll of identify for 28 gold pieces
  2605 | D        | Bought a scroll of immolation for 49 gold pieces
  2605 | D        | Bought a scroll of identify for 28 gold pieces
  2605 | D        | Bought a scroll of identify for 28 gold pieces
  2658 | D        | Noticed Erica
  2666 | D        | Killed Erica
  2788 | D        | Got the +0 plate armour of the Iron City of Dis {rElec
                  | rPois rCorr}
  2832 | D        | Noticed a centaur warrior
  2832 | D        | Noticed a five-headed hydra
  2835 | D        | Noticed a boulder beetle
  2837 | D        | Killed a centaur warrior
  2838 | D        | Reached skill level 1 in Evocations
  2841 | D        | Killed an eight-headed hydra
  2846 | D        | Noticed a deep troll shaman
  2848 | D        | Noticed a brown very ugly thing
  2851 | D        | Noticed a deep troll shaman
  2854 | D        | Noticed a cyan very ugly thing
  2856 | D        | Killed a boulder beetle
  2856 | D        | Received a gift from Trog
  2856 | D        | Noticed a fire dragon
  2866 | D        | Killed a brown very ugly thing
  2870 | D        | Killed a deep troll shaman
  2871 | D        | Reached skill level 24 in Axes
  2881 | D        | Killed a cyan very ugly thing
  2886 | D        | Killed a deep troll shaman
  2898 | D        | Killed a fire dragon
  3230 | D        | Noticed an ettin
  3231 | D        | Noticed a rakshasa
  3237 | D        | Killed an ettin
  3237 | D        | Received a gift from Trog
  3238 | D        | Reached skill level 1 in Stealth
  3258 | D        | Killed a rakshasa
  3353 | D        | Noticed Donald
  3372 | D        | Killed Donald
  3769 | D        | Noticed a merfolk avatar
  3772 | D        | Reached XP level 13. HP: 127/148 MP: 12/12
  3773 | D        | Noticed a merfolk impaler
  3797 | D        | Killed a merfolk impaler
  3797 | D        | Received a gift from Trog
  4243 | D        | Noticed a ghost moth
  4246 | D        | Noticed an entropy weaver
  4249 | D        | Reached skill level 25 in Axes
  4254 | D        | Killed a ghost moth
  4256 | D        | Received a gift from Trog
  4271 | D        | Killed an entropy weaver
  4275 | D        | HP: 7/150 [wolf spider simulacrum (14)]
  4688 | D        | Noticed a bunyip
  4695 | D        | Received a gift from Trog
  4698 | D        | Reached skill level 10 in Shields
  4698 | D        | Noticed an eleionoma
  4703 | D        | Killed a bunyip
  4708 | D        | Received a gift from Trog
  4726 | D        | Killed an eleionoma
  4855 | D        | Received a gift from Trog
  4861 | D        | Reached skill level 26 in Axes
  4931 | D        | Noticed Nergalle
  4936 | D        | Killed Nergalle
  4936 | D        | Identified the +7 hand axe of Infinite Pain {antimagic, rN+
                  | Will+} (Trog gifted it to you in the Dungeon)
  4936 | D        | Received a gift from Trog
  5026 | D        | Noticed a vampire knight
  5026 | D        | Noticed a sphinx
  5026 | D        | Noticed a stone giant
  5033 | D        | Killed a vampire knight
  5036 | D        | Killed a sphinx
  5036 | D        | Received a gift from Trog
  5039 | D        | Reached XP level 14. HP: 162/162 MP: 13/13
  5041 | D        | Noticed a fire giant
  5044 | D        | Killed a stone giant
  5065 | D        | Killed a fire giant
  5065 | D        | Received a gift from Trog
  5072 | D        | HP: 3/163 [spriggan berserker/+0 war axe (30)]
  5411 | D        | Received a gift from Trog
  5511 | D        | Noticed a stone giant
  5512 | D        | Noticed a stone giant
  5518 | D        | Noticed a vampire knight
  5522 | D        | Killed a stone giant
  5531 | D        | Killed a stone giant
  5544 | D        | Killed a vampire knight
  5545 | D        | Reached skill level 27 in Axes
  5642 | D        | Noticed an ironbound preserver
  5642 | D        | Noticed an ironbound thunderhulk
  5648 | D        | Identified the +8 war axe "Minotaur's Bane" {vorpal, +Blink
                  | Stlth+} (Trog gifted it to you in the Dungeon)
  5648 | D        | Received a gift from Trog
  5652 | D        | Killed an ironbound preserver
  5655 | D        | Noticed an ironbound preserver
  5663 | D        | Noticed an ironbound thunderhulk
  5668 | D        | Noticed an orc warlord
  5677 | D        | HP: 7/166 [ironbound thunderhulk/+0 dire flail (30)]
  5677 | D        | Killed from afar by an ironbound frostheart

Illustrated notes

Levels and vault maps discovered:
D:        linesprint [early_d, line_temple, items_1, d_10, items_2, lair_1,
          lair_end, items_3, orc_1, orc_end, items_4, d_15, swamp_1, shoals_1,
          snake_1, spider_1, d_20, vaults_1, items_5, swamp_end, shoals_end,
          snake_end, spider_end, vaults_end, d_27, items_6, zot_1, zot_end,
          crypt_end, forest_end, elf_end, slime_end, tomb_end, abyss_end,
          pan_hell_end]

Skill      XL: |  1  2  3  4  5  6  7  8  9 10 11 12 13 14 |
---------------+-------------------------------------------+-----
Fighting       | 5 7 8 9 11 13 15 17 20 23 25 26 | 26.9
Axes           | 6 7 9 11 13 16 17 19 20 22 24 26 27 | 27.0
Armour         | 3 4 5 6 7 8 11 14 16 18 21 22 | 22.6
Dodging        | 3 4 5 6 7 8 9 10 11 | 11.3
Shields        | 2 5 7 12 14 | 14.3
Evocations     | 2 3 |  3.8
Stealth        | 1 2 |  2.8

Action                   |  1- 3 |  4- 6 |  7- 9 | 10-12 | 13-15 || total
-------------------------+-------+-------+-------+-------+-------++-------
Melee: Hand axe          |    18 |    10 |       |       |       ||    28
       Punch             |     2 |       |       |       |       ||     2
       Headbutt          |     1 |     5 |     7 |    47 |    50 ||   110
       Broad axe         |       |     8 |    47 |   279 |   209 ||   543
Invok: Berserk           |     1 |     1 |     2 |     5 |     6 ||    15
       Brothers in Arms  |       |       |       |     1 |     4 ||     5
       Trog's Hand       |       |       |       |     1 |       ||     1
Evoke: Wand              |       |       |       |     3 |     5 ||     8
  Use: Potion            |       |       |     1 |     1 |     1 ||     3
       Scroll            |       |       |       |     1 |     3 ||     4
Armor: Animal skin       |     6 |     1 |       |       |       ||     7
       Chain mail        |       |     6 |    26 |    60 |       ||    92
       Plate armour      |       |       |       |    50 |    78 ||   128
Dodge: Dodged            |     9 |     3 |    25 |    90 |    53 ||   180
Block: Buckler           |       |       |     5 |    42 |       ||    47
       Kite shield       |       |       |       |     1 |    75 ||    76
       Reflection        |       |       |       |       |     3 ||     3

Table legend: (Time is in decaauts)
 A = Elapsed time spent in this place.
 B = Non-inter-level travel time spent in this place.
 C = Inter-level travel time spent in this place.
 D = Time resting spent in this place.
 E = Time spent auto-exploring this place.
 F = Levels seen in this place.
 G = Mean time per level.
                   A        B        C        D        E       F      G
               +--------+--------+--------+--------+--------+-----+--------+
         Total |   5684 |   5684 |      0 |   3842 |     22 |   1 | 5684.0 |
       Dungeon |   5684 |   5684 |      0 |   3842 |     22 |   1 | 5684.0 |
               +--------+--------+--------+--------+--------+-----+--------+

Top non-repeatable levels by time:
       D: 5684 daAuts
